 Dungeon Crawl Stone Soup version 0.21-b1-21-g86478ac (webtiles) character file.

182 raph the Ruffian (level 5, -8/49 HPs)
             Began as a Troll Warper on Jan 4, 2018.
             Mangled by Blork the orc
             ... wielding a +0 flail
              (11 damage)
             ... on level 3 of the Dungeon.
             The game lasted 00:07:44 (2700 turns).

raph the Ruffian (Troll Warper)                     Turns: 2700, Time: 00:07:45

Health: -8/49      AC:  5    Str: 19    XL:     5   Next: 34%
Magic:  4/6        EV: 10    Int:  9    God:
Gold:   187        SH:  0    Dex: 10    Spells: 0/7 levels left

rFire    . . .     SeeInvis .     - Unarmed
rCold    . . .     Gourm    +   (no shield)
rNeg     . . .     Faith    .   a - +0 robe
rPois    .         Spirit   .   (helmet restricted)
rElec    .         Reflect  .   (no cloak)
rCorr    .         Harm     .   (gloves unavailable)
MR       .....                  (boots unavailable)
Stlth    +.........             (no amulet)
HPRegen  0.56/turn              (no ring)
MPRegen  0.10/turn              (no ring)

@: lethally poisoned (-8 -> -9)
A: large, unfitting armour, claws 3, fast metabolism 3, gourmand, regeneration
1, shaggy fur 1, tough skin 2
a: no special abilities


You were on level 3 of the Dungeon.
You were very full.

You visited 1 branch of the dungeon, and saw 4 of its levels.

You collected 187 gold pieces.

Inventory:

Missiles
 d - 5 tomahawks of dispersal (quivered)
Armour
 a - a +0 robe (worn)
 t - a +0 cloak
Scrolls
 c - a scroll of blinking
 e - 3 scrolls of remove curse {unknown}
 g - 2 scrolls of identify {unknown}
 k - a scroll of teleportation {unknown}
 m - a scroll of enchant weapon {unknown}
 p - a scroll of immolation {unknown}
 r - a scroll of fog {unknown}
 s - a scroll of random uselessness {unknown}
Potions
 i - 2 potions of brilliance {unknown}
 j - 2 potions of haste {unknown}
 l - a potion of lignification {unknown}
 n - a potion of might {unknown}
 o - a potion of degeneration {unknown}
 q - a potion of curing {unknown}
Books
 b - a book of Spatial Translocations

   Spells                             Type                      Level
   a - Blink                          Translocation                2
   b - Shroud of Golubria             Charms/Translocation         2
   c - Lesser Beckoning               Translocation                3
   d - Gell's Gravitas                Translocation                3
   e - Teleport Other                 Translocation                3
   f - Passage of Golubria            Translocation                4
Comestibles
 f - 11 rations


   Skills:
 + Level 2.1 Fighting
 - Level 1.0 Throwing
 + Level 2.5 Dodging
 * Level 3.5 Unarmed Combat
 + Level 1.6 Spellcasting
 + Level 0.2 Charms
 * Level 2.9 Translocations


You couldn't memorise any spells.
You knew the following spells:

 Your Spells              Type           Power        Failure   Level  Hunger
a - Blink                 Tloc           N/A          16%         2    ###....
b - Shroud of Golubria    Chrm/Tloc      #.........   26%         2    ###....
c - Gell's Gravitas       Tloc           #.........   30%         3    ####...


Dungeon Overview and Level Annotations

Branches:
Dungeon (4/15)
 Temple: D:4-7

Altars:
Nemelex Xobeh

Annotations:
D:3 Blork the orc; KeeTraxx's ghost, amateur GnSk


Innate Abilities, Weirdness & Mutations

You are too large for most types of armour.
You have claws for hands.
Your metabolism is lightning-fast.
You like to eat raw meat.
Your natural rate of healing is unusually fast.
You are covered in fur. (AC +1)
You have very tough skin. (AC +2)


Message History

You feel sick. The adder bites you but does no damage.
You hear some strange, mumbled words.
A magic dart appears from out of thin air!
The magic dart hits you! The adder bites you but does no damage.
Something hits you.
You feel sick. Something hits you!
* * * LOW HITPOINT WARNING * * *
You feel sick.
You hear some strange, mumbled words.
A puff of frost appears from out of thin air!
The puff of frost hits you!
* * * LOW HITPOINT WARNING * * *
The adder bites you.
* * * LOW HITPOINT WARNING * * *
You are more poisoned.
The adder poisons you!
You feel sick.
You feel sick. Something hits you!
You die...

.#.# #.##....# #.# .#.#
#.##.#..# #.# .#.#
#.##.#..# #.# .#.#
#......># #.# .#.#
#.##.#..# #.#
W..####.##.#..# #.#
...##......#..# #.#
....#.#(#.....#######.#
..............S.@.....#
....#.###...###########
...##[[.....#
..########..# ###
#....# #.#.## #.#.#
########.#.#
.........#.###########


You could see an adder.

Vanquished Creatures
  A bullfrog skeleton (D:4)
  4 adders
  An ooze (D:2)
  5 worms
  A dart slug (D:2)
  3 leopard geckos
  9 orcs (D:3)
  5 giant cockroaches
  9 goblins
  11 hobgoblins
  3 jackals (D:1)
  2 quokkas
  A ball python (D:1)
  13 bats
  4 frilled lizards
  3 kobolds
  6 rats
81 creatures vanquished.

Notes
Turn   | Place    | Note
-------+----------+-------------------------------------------
     0 | D:1      | raph the Troll Warper began the quest for the Orb.
     0 | D:1      | Reached XP level 1. HP: 19/19 MP: 1/1
    74 | D:1      | Reached skill level 1 in Throwing
   130 | D:1      | Reached XP level 2. HP: 28/28 MP: 2/2
   134 | D:1      | Learned a level 2 spell: Blink
   877 | D:1      | Reached XP level 3. HP: 35/35 MP: 4/4
  1086 | D:2      | Learned a level 2 spell: Shroud of Golubria
  1300 | D:2      | Reached XP level 4. HP: 42/42 MP: 2/5
  1401 | D:2      | Reached skill level 3 in Unarmed Combat
  1411 | D:2      | Found a sparkling altar of Nemelex Xobeh.
  1794 | D:3      | Noticed KeeTraxx's ghost (amateur GnSk)
  1894 | D:3      | Noticed an ogre
  2211 | D:3      | Reached XP level 5. HP: 49/49 MP: 4/6
  2216 | D:3      | Learned a level 3 spell: Gell's Gravitas
  2670 | D:4      | Noticed Blork the orc
  2696 | D:3      | HP: 2/49 [adder (1)]
  2700 | D:3      | Mangled by Blork the orc

Skill      XL: |  1  2  3  4 |
---------------+-------------+-----
Dodging        | 2 |  2.5
Throwing       | 1 |  1.0
Fighting       | 2 |  2.1
Unarmed Combat | 3 |  3.5
Spellcasting   | |  1.6
Charms         | |  0.2
Translocations | |  2.9

Action                   |  1- 3 |  4- 6 || total
-------------------------+-------+-------++-------
Melee: Unarmed           |    98 |   146 ||   244
       Punch             |       |     1 ||     1
 Cast: Shroud of Golubri |     6 |     8 ||    14
       Gell's Gravitas   |       |     1 ||     1
  Use: Potion            |       |     1 ||     1
  Eat: Chunk             |    14 |    16 ||    30
Armor: Robe              |    39 |    66 ||   105
Dodge: Dodged            |    52 |    98 ||   150
